Map: Data-C

Players

ForJumY

  • Race: Protoss Protoss
  • League: Grandmaster
  • Spawn Location: 3:00

PtitDrogo - Winner!

  • Race: Protoss Protoss
  • League: Master
  • Spawn Location: 9:00

Event: HomeStory Cup XXII

VOD

Have the link to the VOD?

Description

Time

  • Played on: Dec. 15, 2022, 10:23 a.m.
  • Length: 7:21

All games in this series

Show
View Real Time Build Order
Export as new Build Order

ForJumY Protoss 

Build Orders:  

Get SALT Encoding   

  12  0:00  Probe  
  13  0:12  Probe  
  14  0:17  Pylon  
  14  0:24  Probe  
  15  0:35  Gateway  
  15  0:36  Probe (Chrono Boost)  
  16  0:46  Probe (Chrono Boost)  
  16  0:47  Assimilator  
  17  0:51  Probe (Chrono Boost)  
  17  0:55  Assimilator  
  18  1:03  Probe (Chrono Boost)  
  19  1:12  Gateway, Probe (Chrono Boost)  
  19  1:17  Probe (Chrono Boost)  
  21  1:27  Cybernetics Core  
  21  1:30  Probe  
  22  1:38  Pylon  
  22  1:42  Probe  
  23  1:56  Probe  
  24  2:01  Warp Gate (Chrono Boost)  
  24  2:03  Adept  
  24  2:04  Stalker  
  28  2:09  Probe  
  29  2:24  Cybernetics Core  
  29  2:26  Pylon  
  29  2:27  Probe  
  29  2:51  Nexus  
  29  2:53  Probe  
  30  2:59  Pylon  
  30  3:10  Pylon  
  30  3:13  Probe  
  30  3:15  Stalker  
  30  3:17  Shield Battery  
  31  3:25  Probe  
  32  3:32  Twilight Council  
  32  3:37  Probe  
  33  3:43  Sentry  
  35  3:49  Probe  
  35  3:55  Stalker  
  38  4:02  Probe (Chrono Boost)  
  39  4:03  Probe (Chrono Boost)  
  39  4:08  Stalker, Blink (Chrono Boost)  
  42  4:12  Probe x2 (Chrono Boost)  
  44  4:17  Probe (Chrono Boost)  
  44  4:20  Probe  
  42  4:25  Stalker  
  42  4:28  Pylon  
  45  4:32  Probe (Chrono Boost)  
  45  4:33  Probe (Chrono Boost)  
  46  4:40  Stalker  
  46  4:41  Probe (Chrono Boost)  
  46  4:44  Probe (Chrono Boost)  
  50  4:47  Probe  
  50  4:48  Gateway  
  48  4:53  Probe  
  48  4:59  Stalker  
  51  5:02  Probe  
  51  5:05  Probe  
  53  5:11  Stalker  
  53  5:14  Probe  
  56  5:17  Probe  
  57  5:22  Stalker  
  57  5:26  Probe  
  60  5:29  Probe  
  60  5:32  Nexus  
  61  5:36  Stalker  
  61  5:39  Pylon  
  61  5:42  Probe  
  64  5:45  Stalker  
  64  5:48  Stalker  
  66  6:00  Stalker  
  64  6:07  Probe  
  57  6:13  Stalker x2  
  55  6:20  Probe x2 (Chrono Boost)  
  55  6:23  Forge  
  57  6:29  Dark Shrine  
  57  6:30  Probe x2 (Chrono Boost)  
  57  6:32  Stalker  
  61  6:35  Probe x2 (Chrono Boost)  
  56  6:40  Adept  
  56  6:41  Adept  
  56  6:46  Probe  
  51  6:55  Stalker  
  51  6:56  Probe  
  50  7:03  Stalker x2  
  42  7:12  Stalker  
Show
View Real Time Build Order
Export as new Build Order

PtitDrogo Protoss - Winner!

Build Orders: Oracle Opening 

Get SALT Encoding   

  12  0:00  Probe  
  13  0:12  Probe  
  14  0:20  Pylon  
  14  0:24  Probe  
  15  0:38  Probe (Chrono Boost), Gateway  
  16  0:47  Probe (Chrono Boost), Assimilator  
  17  0:52  Probe (Chrono Boost)  
  18  1:02  Assimilator  
  18  1:04  Probe (Chrono Boost)  
  18  1:09  Pylon  
  19  1:13  Probe (Chrono Boost)  
  20  1:18  Probe (Chrono Boost)  
  21  1:28  Cybernetics Core  
  21  1:30  Probe  
  22  1:34  Zealot  
  24  1:42  Probe  
  25  1:54  Probe  
  26  2:02  Stalker (Chrono Boost)  
  26  2:06  Stargate  
  28  2:14  Pylon  
  28  2:20  Warp Gate  
  27  2:45  Probe  
  27  2:50  Oracle (Chrono Boost)  
  31  2:58  Probe  
  32  2:59  Nexus  
  32  3:00  Shield Battery  
  32  3:11  Probe  
  32  3:23  Probe  
  32  3:24  Oracle (Chrono Boost)  
  36  3:27  Gateway  
  36  3:35  Probe  
  36  3:40  Twilight Council  
  37  3:47  Probe  
  38  3:59  Probe  
  39  4:11  Probe (Chrono Boost)  
  39  4:12  Stalker  
  43  4:17  Probe (Chrono Boost)  
  43  4:21  Probe (Chrono Boost)  
  43  4:22  Blink (Chrono Boost)  
  45  4:25  Probe (Chrono Boost)  
  45  4:26  Probe (Chrono Boost)  
  45  4:27  Stalker  
  48  4:32  Gateway  
  48  4:36  Probe  
  48  4:38  Probe  
  50  4:41  Pylon  
  50  4:48  Probe  
  50  4:50  Probe  
  52  4:54  Stalker  
  54  5:00  Probe  
  54  5:02  Nexus  
  54  5:06  Shield Battery  
  55  5:12  Probe  
  56  5:17  Probe  
  56  5:19  Stalker x2  
  61  5:21  Pylon  
  61  5:28  Probe  
  61  5:30  Assimilator  
  61  5:34  Forge  
  62  5:37  Robotics Facility  
  62  5:39  Probe  
  62  5:40  Stalker  
  65  5:43  Probe  
  65  5:48  Stalker  
  68  5:52  Pylon  
  68  5:53  Probe  
  67  6:01  Stalker  
  63  6:13  Stalker x2  
  65  6:19  Probe x3  
  69  6:25  Observer, Stalker  
  69  6:31  Probe x3  
  74  6:43  Probe x2  
  76  6:48  Stalker x3  
  76  6:50  Probe  
  83  6:55  Probe x2  
  83  6:56  Gateway  
  83  6:58  Gateway x2  
  78  7:11  Stalker x2  
  78  7:12  Stalker  
Tags
 
Add a new tag
Caveats
  • Supply blocks, unpowered buildings, or Contaminate may cause inaccurate times.
  • Supply counts are checked every 10 seconds.